 Dungeon Crawl Stone Soup version 0.31.0-1-g2c135a008e (webtiles) character file.

Game seed: 16641672410601357413

33121 qw the Skirmisher (level 14, -17/92 HPs)
             Began as a Djinni Hunter on Jan 24, 2024.
             Was a High Priest of Okawaru.
             Demolished by a death yak (19 damage)
             ... on level 5 of the Lair of Beasts.
             The game lasted 00:01:29 (13127 turns).

qw the Skirmisher (Djinni Hunter)                  Turns: 13127, Time: 00:01:29

Health: -17/92     AC: 13    Str: 10    XL:     14   Next: 6%
Gold:   1860       EV: 24    Int: 12    God:    Okawaru [*****.] SH:  0 Dex: 27

rFire   + + .        o - +2 arbalest (heavy)
rCold   x . .        (shield currently unavailable)
rNeg    . . .        a - +0 swamp dragon scales
rPois   inf          i - +0 helmet
rElec   .            (no cloak)
rCorr   .            l - +0 pair of gloves
SInv    .            (boots unavailable)
Will    +....        n - amulet of regeneration
Stlth   ++           d - +5 ring of evasion
HPRegen 1.15/turn    m - +6 ring of dexterity
MPRegen 0.00/turn

%: infuse magic (-18 HP)
@: about to teleport, finesse-ful, flying
A: sickness immunity, fire resistance 2, cold vulnerability 1, float, innate
caster, HP casting, extra vitality 1, iridescent scales 1, frail 1, MP-powered
wands
a: Renounce Religion, Heroism, Finesse, Duel


You were on level 5 of the Lair of Beasts.
You worshipped Okawaru.
Okawaru was extremely pleased with you.
You visited 3 branches of the dungeon, and saw 15 of its levels.
You also visited: Sewer.

You collected 1860 gold pieces.


Innate Abilities, Weirdness & Mutations

You are immune to sickness and miasma.
You are immune to poison.
Your flesh is very heat resistant. (rF++)
You are vulnerable to cold. (rC-)
You float through the air rather than walking.
You learn spells naturally, not from books.
Your magical power is your life essence.
You have superior vitality. (+4 MHP)
You are partially covered in iridescent scales. (AC +2)
You are frail. (-10% HP)
You expend health (3 HP) to strengthen your wands.


   Skills:
 - Level 10.0 Fighting
 + Level 13.0 Ranged Weapons
 - Level 6.0 Armour
 - Level 11.1 Dodging
 - Level 0.7 Stealth
 - Level 10.0 Invocations


You knew the following spells:

 Your Spells              Type           Power      Damage    Failure   Level
a - Foxfire               Conj/Fire      0%         2x1d4     58%         1
b - Searing Ray           Conj           0%         2d4       75%         2
c - Call Imp              Summ           0%         N/A       75%         2
d - Mephitic Cloud        Conj/Alch/Air  0%         N/A       92%         3
e - Vhi's Electric Charg  Tloc/Air       0%         N/A       100%        4
f - Alistair's Intoxicat  Alch           0%         N/A       100%        5
Your spell library was empty.

Inventory:

Hand Weapons
 o - a +2 heavy arbalest (weapon)
Armour
 a - +0 swamp dragon scales (worn)
 i - a +0 helmet (worn)
 l - a +0 pair of gloves (worn)
 p - a +2 robe of cold resistance
Jewellery
 d - a +5 ring of evasion (left hand)
 m - a +6 ring of dexterity (right hand)
 n - an amulet of regeneration (around neck)
Wands
 j - a wand of quicksilver (5)
 k - a wand of polymorph (9)
 s - a wand of roots (10)
Scrolls
 h - 5 scrolls of identify
 q - a scroll of teleportation
 r - a scroll of brand weapon
Potions
 c - 4 potions of enlightenment
 e - a potion of haste
 f - a potion of resistance
 g - 2 potions of might
 t - a potion of cancellation
 u - 2 potions of curing

Dungeon Overview and Level Annotations

Branches:
Dungeon (9/15)             Temple (1/1) D:4            Lair (5/5) D:9
 Shoals (0/4) Lair:2        Snake (0/4) Lair:3        Sewer (visited)
  Slime: Lair:4-5       Orc: D:9-12

Altars:
Ashenzari
Cheibriados
Dithmenos
Elyvilon
Fedhas
Gozag
Hepliaklqana
Makhleb
Nemelex Xobeh
Okawaru
Qazlal
Ru
Trog
Uskayaw
Wu Jian
Xom
Yredelemnul
Zin
The Shining One

Annotations:
D:2 1 runed translucent door, Crazy Yiuf
D:6 2 transporters
D:9 1 runed translucent door


Message History

You shoot a bolt. The deep troll shaman shouts!
The bolt hits the seven-headed hydra!!!
The seven-headed hydra is severely wounded.
The seven-headed hydra bites you! x2
The seven-headed hydra bites you but does no damage.
The seven-headed hydra completely misses you.
The seven-headed hydra misses you.
The seven-headed hydra bites you but does no damage.
The seven-headed hydra barely misses you.
You shoot a bolt. The bolt hits the seven-headed hydra!!
You kill the seven-headed hydra!
Okawaru accepts your kill. The catoblepas barely misses you.
The death yak is engulfed in calcifying dust.
The death yak is moving more slowly.
Your Dodging skill increases to level 11!
You shoot a bolt. The bolt hits the death yak!
The death yak is moderately wounded.
The catoblepas gores you but does no damage.
The death yak misses you.
You shoot a bolt. The bolt hits the death yak!!!
The death yak is severely wounded.
The death yak gores you. The catoblepas completely misses you.
You shoot a bolt.
The bolt hits the death yak but does no damage.
The death yak closely misses you. The catoblepas barely misses you.
The death yak gores you!!
13126 ||| READING 2 scrolls of teleportation.
As you read the scroll of teleportation, it crumbles to dust.
You feel strangely unstable.
The death yak stops moving altogether!
The catoblepas gores you but does no damage.
The death yak completely misses you. The death yak gores you!!
You shoot a bolt. The bolt hits the death yak!!
The death yak is moderately wounded.
The catoblepas breathes a plume of calcifying dust at you.
The blast of calcifying dust hits you. The death yak barely misses you.
The death yak gores you!!
You die...

#######
###YY...###.P.
#ยค@YY.....%...
#...8YY......%..
#.8..TY.##.....#.
#..%..##.##...##
#?.8..8. ## ..##
#/$...%8 %.#
##[[.... ##
##?!.8%.


You could see 6 death yaks, a catoblepas and a deep troll shaman.

Vanquished Creatures
  5 hydras
  A catoblepas (Lair:3)
  4 skysharks
  9 elephants
  A merfolk siren (Lair:2)
  2 black mambas
  8 cane toads
  Maggie (D:6)
  3 komodo dragons
  Psyche (D:9)
  2 polar bears
  3 merfolk (Lair:2)
  A hornet (D:8)
  8 blink frogs
  Sigmund (D:2)
  21 yaks
  A wyvern (Lair:3)
  2 steam dragons
  3 basilisks
  Menkaure (D:5)
  Edmund (D:6)
  3 nagas (Lair:3)
  13 water moccasins
  3 orc warriors
  Duvessa (D:5)
  2 sky beasts (D:7)
  2 ice beasts
  25 wolves
  2 phantoms
  3 kobold brigands
  Blork the orc (D:5)
  10 bullfrogs
  5 scorpions
  3 gnoll sergeants (D:9)
  12 wights (D:6)
  Dowan (D:5)
  9 killer bees
  2 howler monkeys (D:9)
  3 electric eels
  4 bombardier beetles
  8 hounds
  7 orc priests
  4 gnoll boudas
  A human zombie (D:9)
  4 sleepcaps
  Jessica (D:2)
  3 iguanas
  13 orc wizards
  Ijyb (D:4)
  26 gnolls
  7 adders
  2 river rats (Sewer)
  2 white imps
  2 ufetubi (D:6)
  4 dart slugs
  3 ribbon worms
  38 orcs
  9 endoplasms
  3 giant cockroaches
  12 goblins
  4 hobgoblins
  10 jackals
  4 quokkas
  8 ball pythons
  5 bats
  9 frilled lizards
  A jackal skeleton (D:9)
  13 kobolds
  9 rats
396 creatures vanquished.

Vanquished Creatures (others)
  2 orcs (D:4)
2 creatures vanquished.

Grand Total: 398 creatures vanquished

Notes
Turn   | Place    | Note
-------+----------+-------------------------------------------
     0 | D:1      | qw the Djinni Hunter began the quest for the Orb.
     0 | D:1      | Reached XP level 1. HP: 18/18 MP: 0/0
     0 | D:1      | 0 ||| qw: Version: 0.3-a-136-gdd3b4e8
     0 | D:1      | 0 ||| qw: Game counter: 1346
     0 | D:1      | 0 ||| qw: Melee chars always use a shield: true
     0 | D:1      | 0 ||| qw: God list: Okawaru
     0 | D:1      | 0 ||| qw: Allow faded altars: false
     0 | D:1      | 0 ||| qw: Do Orc after clearing Dungeon:15 true
     0 | D:1      | 0 ||| qw: Do second Lair branch before Depths: true
     0 | D:1      | 0 ||| qw: Lair rune preference: random
     0 | D:1      | 0 ||| qw: Goals: Normal
     0 | D:1      | 0 ||| PLANNING D:1-11
   112 | D:1      | Reached XP level 2. HP: 18/23 MP: 0/0
   146 | D:1      | Reached skill level 4 in Ranged Weapons
   146 | D:1      | Reached XP level 3. HP: 28/28 MP: 0/0
   146 | D:1      | Learned a level 1 spell: Foxfire
   648 | D:1      | Reached XP level 4. HP: 34/34 MP: 0/0
   664 | D:1      | 664 ||| UPGRADING to +4 ring of protection.
   665 | D:1      | 665 ||| READING scroll labelled OPHONL PIOSET.
   665 | D:1      | 665 ||| IDENTIFYING viscous yellow potion
   666 | D:1      | 666 ||| READING scroll labelled ZIPERO JEABRA.
   670 | D:1      | 670 ||| READING scroll labelled KIMAMOCAOMP.
   670 | D:1      | 670 ||| ENCHANTING +0 shortbow.
   671 | D:1      | 671 ||| READING scroll labelled DEONTI ASUK.
   672 | D:1      | 672 ||| DRINKING 2 inky potions.
   673 | D:1      | 673 ||| DRINKING silvery potion.
   717 | D:1      | 717 ||| DROPPING scroll of butterflies.
   718 | D:1      | 718 ||| DROPPING potion of ambrosia.
   719 | D:1      | 719 ||| DROPPING potion of brilliance.
   746 | D:2      | 746 ||| STAIRDANCE
   750 | D:2      | 750 ||| STAIRDANCE
   754 | D:2      | 754 ||| STAIRDANCE
   766 | D:2      | Reached skill level 3 in Fighting
   950 | D:2      | Reached skill level 3 in Dodging
   996 | D:2      | Noticed Sigmund
  1008 | D:2      | Killed Sigmund
  1009 | D:2      | Reached skill level 5 in Ranged Weapons
  1009 | D:2      | Reached XP level 5. HP: 24/40 MP: 0/0
  1009 | D:2      | Learned a level 2 spell: Searing Ray
  1009 | D:2      | Reached XP level 6. HP: 27/46 MP: 0/0
  1098 | D:2      | Found a faded altar of an unknown god.
  1102 | D:2      | Noticed Jessica
  1109 | D:2      | Killed Jessica
  1415 | D:2      | Found a runed translucent door.
  1416 | D:2      | Noticed Crazy Yiuf
  1633 | D:2      | 1633 ||| UPGRADING to +0 leather armour of cold resistance.
  1643 | D:2      | 1643 ||| DROPPING +0 leather armour.
  1644 | D:2      | 1644 ||| READING scroll of identify.
  1644 | D:2      | 1644 ||| IDENTIFYING murky brown potion
  1645 | D:2      | 1645 ||| READING scroll labelled USAUJ UBBOET.
  1646 | D:2      | 1646 ||| READING scroll labelled FOYZUDWAEGA.
  1646 | D:2      | 1646 ||| BRANDING +1 shortbow.
  1705 | D:3      | 1705 ||| PLANNING SEWER
  1772 | D:3      | Found a glowing drain.
  1773 | D:3      | 1773 ||| READING scroll labelled WUUBEF KYTE.
  1773 | D:3      | 1773 ||| ENCHANTING +1 shortbow of electrocution.
  1778 | Sewer    | Entered a sewer
  1869 | Sewer    | Reached XP level 7. HP: 51/53 MP: 0/0
  1869 | Sewer    | Learned a level 2 spell: Call Imp
  1915 | Sewer    | Found a white marble altar of Elyvilon.
  1953 | D:3      | 1953 ||| PLANNING D:1-11
  2476 | D:3      | 2476 ||| UPGRADING to +0 pair of gloves.
  2481 | D:3      | 2481 ||| READING scroll labelled JOABOTWUEMN.
  2600 | D:4      | 2600 ||| STAIRDANCE
  2604 | D:3      | Reached skill level 1 in Armour
  2623 | D:4      | 2623 ||| STAIRDANCE
  2636 | D:4      | 2636 ||| STAIRDANCE
  2665 | D:4      | Reached skill level 6 in Ranged Weapons
  2718 | D:4      | Reached XP level 8. HP: 58/58 MP: 0/0
  3147 | D:4      | Found a staircase to the Ecumenical Temple.
  3148 | D:4      | 3148 ||| PLANNING TEMPLE
  3148 | D:4      | 3148 ||| READING scroll of identify.
  3148 | D:4      | 3148 ||| IDENTIFYING fuming white potion
  3155 | Temple   | Entered the Ecumenical Temple
  3156 | Temple   | 3156 ||| PLANNING OKAWARU WORSHIP
  3171 | Temple   | Became a worshipper of Warmaster Okawaru
  3172 | Temple   | 3172 ||| PLANNING D:1-11
  3227 | D:4      | Reached skill level 7 in Ranged Weapons
  3282 | D:4      | Noticed Ijyb
  3292 | D:4      | Killed Ijyb
  3646 | D:4      | Found a glowing silver altar of Zin.
  3780 | D:4      | 3780 ||| READING scroll labelled LACLORA BYIXU.
  3820 | D:5      | Entered Level 5 of the Dungeon
  3820 | D:5      | Noticed Menkaure
  3822 | D:5      | Killed Menkaure
  3894 | D:5      | Noticed Duvessa
  3894 | D:5      | Noticed Dowan
  3902 | D:5      | Killed Duvessa
  3902 | D:5      | Reached * piety under Okawaru
  3903 | D:5      | Reached XP level 9. HP: 34/65 MP: 0/0
  3903 | D:5      | Learned a level 3 spell: Mephitic Cloud
  3903 | D:5      | 3903 ||| INVOKING Heroism.
  3904 | D:5      | Killed Dowan
  3947 | D:5      | Reached skill level 1 in Invocations
  4178 | D:5      | Found a glowing golden altar of the Shining One.
  4235 | D:5      | Noticed Blork the orc
  4239 | D:5      | Killed Blork the orc
  4240 | D:5      | Reached skill level 8 in Ranged Weapons
  4463 | D:5      | Found a broken altar of Ashenzari.
  4543 | D:5      | Reached skill level 3 in Invocations
  4637 | D:5      | 4637 ||| READING scroll labelled ODDOSEI PANOBI.
  4638 | D:5      | 4638 ||| READING 2 scrolls labelled COIPTEYZEC.
  4740 | D:5      | 4740 ||| READING scroll labelled TIBBEO XOANEGI.
  4740 | D:5      | Identified a scroll of acquirement
  4740 | D:5      | 4740 ||| ACQUIRING +1 heavy arbalest
  4740 | D:5      | Acquired a +1 heavy arbalest
  4742 | D:5      | 4742 ||| SWAPPING to +1 heavy arbalest.
  4743 | D:5      | 4743 ||| DROPPING +1 shortbow of electrocution.
  4744 | D:5      | 4744 ||| DROPPING scroll of torment.
  4785 | D:6      | Reached skill level 6 in Dodging
  4788 | D:6      | Reached ** piety under Okawaru
  4796 | D:6      | 4796 ||| FLEEEEING.
  4797 | D:6      | 4797 ||| FLEEEEING.
  4799 | D:6      | 4799 ||| STAIRDANCE
  4864 | D:6      | 4864 ||| STAIRDANCE
  4930 | D:6      | Noticed Maggie
  4931 | D:6      | 4931 ||| INVOKING Heroism.
  4934 | D:6      | Killed Maggie
  4983 | D:6      | Found a transporter.
  5015 | D:6      | Reached skill level 6 in Fighting
  5017 | D:6      | 5017 ||| RETREEEEATING.
  5024 | D:6      | Found a blossoming altar of Fedhas.
  5072 | D:6      | Noticed Edmund
  5074 | D:6      | Killed Edmund
  5075 | D:6      | Reached XP level 10. HP: 72/72 MP: 0/0
  5177 | D:6      | Found a transporter.
  5216 | D:6      | 5216 ||| UPGRADING to +0 swamp dragon scales.
  5221 | D:6      | 5221 ||| UPGRADING to +0 swamp dragon scales.
  5226 | D:6      | 5226 ||| DROPPING +0 leather armour of cold resistance.
  5381 | D:6      | 5381 ||| DROPPING +0 ring mail.
  5441 | D:6      | Reached skill level 3 in Armour
  5451 | D:6      | Reached skill level 9 in Ranged Weapons
  5458 | D:6      | 5458 ||| READING scroll of enchant weapon.
  5458 | D:6      | 5458 ||| ENCHANTING +1 heavy arbalest.
  5471 | D:6      | 5471 ||| READING scroll of acquirement.
  5471 | D:6      | 5471 ||| ACQUIRING 774 gold pieces
  5471 | D:6      | Acquired 774 gold pieces
  5520 | D:6      | 5520 ||| UPGRADING to +0 helmet.
  5585 | D:6      | 5585 ||| RETREEEEATING.
  5586 | D:6      | 5586 ||| RETREEEEATING.
  5594 | D:6      | 5594 ||| RETREEEEATING.
  5595 | D:6      | 5595 ||| RETREEEEATING.
  5597 | D:6      | 5597 ||| RETREEEEATING.
  5598 | D:6      | 5598 ||| RETREEEEATING.
  5599 | D:6      | 5599 ||| RETREEEEATING.
  5600 | D:6      | 5600 ||| RETREEEEATING.
  5601 | D:6      | 5601 ||| RETREEEEATING.
  5602 | D:6      | 5602 ||| RETREEEEATING.
  5603 | D:6      | 5603 ||| RETREEEEATING.
  5604 | D:6      | 5604 ||| RETREEEEATING.
  5604 | D:6      | Reached *** piety under Okawaru
  5604 | D:6      | HP: 15/72 [wight/+4 falchion (5)]
  5605 | D:6      | 5605 ||| READING 4 scrolls of teleportation.
  5606 | D:6      | 5606 ||| DRINKING 2 potions of heal wounds.
  5820 | D:6      | 5820 ||| READING scroll labelled TYIFU OZUIVOGH.
  6456 | D:7      | 6456 ||| READING 2 scrolls of identify.
  6456 | D:7      | 6456 ||| IDENTIFYING black potion
  6457 | D:7      | 6457 ||| DRINKING potion of experience.
  6457 | D:7      | Reached skill level 12 in Ranged Weapons
  6457 | D:7      | Reached XP level 11. HP: 79/79 MP: 0/0
  6457 | D:7      | Learned a level 4 spell: Vhi's Electric Charge
  6458 | D:7      | 6458 ||| READING scroll of identify.
  6458 | D:7      | 6458 ||| IDENTIFYING murky silvery potion
  6459 | D:7      | 6459 ||| READING scroll labelled DEONYN VULEO.
  6596 | D:8      | 6596 ||| RETREEEEATING.
  6597 | D:8      | 6597 ||| RETREEEEATING.
  6598 | D:8      | 6598 ||| RETREEEEATING.
  6599 | D:8      | 6599 ||| RETREEEEATING.
  6869 | D:8      | 6869 ||| FLEEEEING.
  6870 | D:8      | 6870 ||| FLEEEEING.
  6871 | D:8      | 6871 ||| FLEEEEING.
  6872 | D:8      | 6872 ||| FLEEEEING.
  6873 | D:8      | 6873 ||| FLEEEEING.
  6874 | D:8      | 6874 ||| FLEEEEING.
  6945 | D:8      | Found a shimmering altar of Xom.
  7705 | D:8      | 7705 ||| DROPPING scarf of invisibility.
  7706 | D:8      | 7706 ||| READING 3 scrolls labelled UZXOYGIGINN.
  7707 | D:8      | 7707 ||| DROPPING 2 scrolls of fog.
  7730 | D:9      | 7730 ||| STAIRDANCE
  7735 | D:9      | 7735 ||| STAIRDANCE
  7741 | D:9      | 7741 ||| STAIRDANCE
  7749 | D:9      | 7749 ||| STAIRDANCE
  7752 | D:8      | Reached **** piety under Okawaru
  7755 | D:9      | 7755 ||| STAIRDANCE
  7762 | D:9      | 7762 ||| STAIRDANCE
  7856 | D:9      | 7856 ||| STAIRDANCE
  7881 | D:9      | 7881 ||| STAIRDANCE
  7884 | D:8      | 7884 ||| DRINKING 2 potions of curing.
  7884 | D:8      | 7884 ||| (to cure confusion)
  7885 | D:8      | 7885 ||| DRINKING potion of curing.
  7885 | D:8      | 7885 ||| (to cure confusion)
  7891 | D:9      | 7891 ||| STAIRDANCE
  7909 | D:9      | 7909 ||| STAIRDANCE
  8020 | D:9      | Found a staircase to the Lair.
  8043 | D:9      | Noticed Psyche
  8045 | D:9      | Killed Psyche
  8158 | D:9      | 8158 ||| RETREEEEATING.
  8159 | D:9      | 8159 ||| RETREEEEATING.
  8160 | D:9      | 8160 ||| RETREEEEATING.
  8161 | D:9      | Reached XP level 12. HP: 86/86 MP: 0/0
  8161 | D:9      | 8161 ||| RETREEEEATING.
  8162 | D:9      | 8162 ||| RETREEEEATING.
  8163 | D:9      | 8163 ||| INVOKING Finesse.
  8524 | D:9      | Found a runed translucent door.
  8528 | D:9      | Found a basalt altar of Yredelemnul.
  8551 | D:9      | 8551 ||| PLANNING LAIR
  8551 | D:9      | 8551 ||| READING 2 scrolls of identify.
  8551 | D:9      | 8551 ||| IDENTIFYING murky orange potion
  8552 | D:9      | 8552 ||| READING scroll of identify.
  8552 | D:9      | 8552 ||| IDENTIFYING smoky yellow potion
  8553 | D:9      | 8553 ||| READING scroll labelled ULAPSA WECIETRINK.
  8654 | D:9      | 8654 ||| DROPPING potion of berserk rage.
  8655 | D:9      | 8655 ||| DROPPING potion of degeneration.
  8672 | Lair:1   | Entered Level 1 of the Lair of Beasts
  8700 | Lair:1   | Reached skill level 6 in Invocations
  8710 | Lair:1   | 8710 ||| DRINKING potion of cancellation.
  8840 | Lair:1   | Reached ***** piety under Okawaru
  9534 | Lair:1   | 9534 ||| UPGRADING to +6 ring of dexterity.
  9535 | Lair:1   | 9535 ||| READING scroll of identify.
  9535 | Lair:1   | 9535 ||| IDENTIFYING fuming inky potion
  9536 | Lair:1   | 9536 ||| DRINKING potion of mutation.
  9536 | Lair:1   | Gained mutation: You expend health (3 HP) to strengthen
                  | your wands. [potion of mutation]
  9536 | Lair:1   | Gained mutation: You are frail. (-10% HP) [potion of
                  | mutation]
  9536 | Lair:1   | Gained mutation: You are partially covered in iridescent
                  | scales. (AC +2) [potion of mutation]
  9564 | Lair:2   | 9564 ||| STAIRDANCE
  9569 | Lair:2   | 9569 ||| RETREEEEATING.
  9570 | Lair:2   | 9570 ||| RETREEEEATING.
  9571 | Lair:2   | 9571 ||| RETREEEEATING.
  9572 | Lair:2   | 9572 ||| RETREEEEATING.
  9573 | Lair:2   | 9573 ||| RETREEEEATING.
  9574 | Lair:2   | 9574 ||| RETREEEEATING.
  9576 | Lair:2   | 9576 ||| RETREEEEATING.
  9576 | Lair:2   | HP: 12/79 [elephant (11)]
  9577 | Lair:2   | 9577 ||| READING 5 scrolls of teleportation.
  9578 | Lair:2   | 9578 ||| DRINKING 2 potions of heal wounds.
  9579 | Lair:2   | 9579 ||| RETREEEEATING.
  9580 | Lair:2   | 9580 ||| RETREEEEATING.
  9580 | Lair:2   | Noticed a skyshark
  9581 | Lair:2   | 9581 ||| FLEEEEING.
  9582 | Lair:2   | 9582 ||| FLEEEEING.
  9583 | Lair:2   | 9583 ||| FLEEEEING.
  9584 | Lair:2   | 9584 ||| FLEEEEING.
  9585 | Lair:2   | 9585 ||| STAIRDANCE
  9718 | Lair:2   | 9718 ||| INVOKING Finesse.
  9721 | Lair:2   | Killed a skyshark
  9800 | Lair:2   | 9800 ||| RETREEEEATING.
  9801 | Lair:2   | 9801 ||| RETREEEEATING.
  9957 | Lair:2   | Found an ornate altar of the Wu Jian Council.
  9972 | Lair:2   | 9972 ||| RETREEEEATING.
  9975 | Lair:2   | 9975 ||| RETREEEEATING.
  9977 | Lair:2   | 9977 ||| RETREEEEATING.
  9978 | Lair:2   | 9978 ||| RETREEEEATING.
  9979 | Lair:2   | 9979 ||| RETREEEEATING.
  9980 | Lair:2   | 9980 ||| RETREEEEATING.
 10048 | Lair:2   | 10048 ||| FLEEEEING.
 10049 | Lair:2   | 10049 ||| FLEEEEING.
 10092 | Lair:2   | 10092 ||| RETREEEEATING.
 10094 | Lair:2   | 10094 ||| RETREEEEATING.
 10095 | Lair:2   | 10095 ||| RETREEEEATING.
 10316 | Lair:2   | Received a gift from Okawaru
 10451 | Lair:2   | Found a staircase to the Shoals.
 10906 | Lair:2   | 10906 ||| UPGRADING to +5 ring of evasion.
 10908 | Lair:2   | 10908 ||| DROPPING +4 ring of protection.
 10909 | Lair:2   | 10909 ||| READING scroll of identify.
 10909 | Lair:2   | 10909 ||| IDENTIFYING green potion
 10944 | Lair:3   | Noticed an eight-headed hydra
 10945 | Lair:3   | 10945 ||| STAIRDANCE
 10947 | Lair:2   | 10947 ||| INVOKING Finesse.
 10949 | Lair:2   | Killed an eight-headed hydra
 10950 | Lair:2   | Reached skill level 9 in Dodging
 11123 | Lair:3   | 11123 ||| STAIRDANCE
 11161 | Lair:3   | 11161 ||| STAIRDANCE
 11179 | Lair:3   | 11179 ||| STAIRDANCE
 11186 | Lair:2   | Reached XP level 13. HP: 62/83 MP: 0/0
 11186 | Lair:2   | Learned a level 5 spell: Alistair's Intoxication
 11259 | Lair:3   | Noticed a catoblepas
 11260 | Lair:3   | 11260 ||| INVOKING Finesse.
 11265 | Lair:3   | 11265 ||| Stepping ~*~*~tactically~*~*~ (cloud).
 11266 | Lair:3   | Killed a catoblepas
 11267 | Lair:3   | Reached skill level 9 in Fighting
 11267 | Lair:3   | Reached skill level 9 in Invocations
 11352 | Lair:3   | 11352 ||| INVOKING Finesse.
 11353 | Lair:3   | 11353 ||| INVOKING Heroism.
 11421 | Lair:3   | 11421 ||| RETREEEEATING.
 11423 | Lair:3   | 11423 ||| RETREEEEATING.
 11430 | Lair:3   | 11430 ||| RETREEEEATING.
 11431 | Lair:3   | 11431 ||| RETREEEEATING.
 11432 | Lair:3   | 11432 ||| RETREEEEATING.
 11433 | Lair:3   | 11433 ||| RETREEEEATING.
 11434 | Lair:3   | 11434 ||| RETREEEEATING.
 11435 | Lair:3   | 11435 ||| RETREEEEATING.
 11437 | Lair:3   | 11437 ||| RETREEEEATING.
 11448 | Lair:3   | HP: 13/84 [yak (12)]
 11449 | Lair:3   | 11449 ||| READING 4 scrolls of teleportation.
 11450 | Lair:3   | 11450 ||| DRINKING 2 potions of heal wounds.
 11692 | Lair:3   | 11692 ||| RETREEEEATING.
 11694 | Lair:3   | 11694 ||| RETREEEEATING.
 11695 | Lair:3   | 11695 ||| RETREEEEATING.
 11696 | Lair:3   | 11696 ||| RETREEEEATING.
 11697 | Lair:3   | 11697 ||| RETREEEEATING.
 11792 | Lair:3   | 11792 ||| RETREEEEATING.
 11794 | Lair:3   | 11794 ||| RETREEEEATING.
 11814 | Lair:3   | Found a staircase to the Snake Pit.
 11833 | Lair:3   | Reached skill level 6 in Armour
 12279 | Lair:3   | 12279 ||| UPGRADING to amulet of regeneration.
 12446 | Lair:4   | 12446 ||| RETREEEEATING.
 12449 | Lair:4   | 12449 ||| RETREEEEATING.
 12450 | Lair:4   | 12450 ||| RETREEEEATING.
 12452 | Lair:4   | 12452 ||| RETREEEEATING.
 12453 | Lair:4   | 12453 ||| RETREEEEATING.
 12454 | Lair:4   | 12454 ||| RETREEEEATING.
 12455 | Lair:4   | 12455 ||| RETREEEEATING.
 12457 | Lair:4   | 12457 ||| RETREEEEATING.
 12459 | Lair:4   | 12459 ||| RETREEEEATING.
 12462 | Lair:4   | 12462 ||| RETREEEEATING.
 12464 | Lair:4   | 12464 ||| RETREEEEATING.
 12465 | Lair:4   | 12465 ||| RETREEEEATING.
 12466 | Lair:4   | 12466 ||| RETREEEEATING.
 12467 | Lair:4   | 12467 ||| RETREEEEATING.
 12468 | Lair:4   | 12468 ||| RETREEEEATING.
 12470 | Lair:4   | 12470 ||| RETREEEEATING.
 12471 | Lair:4   | 12471 ||| RETREEEEATING.
 12475 | Lair:4   | 12475 ||| RETREEEEATING.
 12476 | Lair:4   | 12476 ||| RETREEEEATING.
 12477 | Lair:4   | 12477 ||| RETREEEEATING.
 12478 | Lair:4   | 12478 ||| RETREEEEATING.
 12479 | Lair:4   | 12479 ||| RETREEEEATING.
 12480 | Lair:4   | 12480 ||| RETREEEEATING.
 12481 | Lair:4   | 12481 ||| RETREEEEATING.
 12482 | Lair:4   | 12482 ||| RETREEEEATING.
 12483 | Lair:4   | 12483 ||| RETREEEEATING.
 12484 | Lair:4   | 12484 ||| RETREEEEATING.
 12485 | Lair:4   | 12485 ||| RETREEEEATING.
 12487 | Lair:4   | 12487 ||| RETREEEEATING.
 12488 | Lair:4   | 12488 ||| RETREEEEATING.
 12489 | Lair:4   | 12489 ||| RETREEEEATING.
 12490 | Lair:4   | 12490 ||| RETREEEEATING.
 12536 | Lair:4   | 12536 ||| FLEEEEING.
 12538 | Lair:4   | Received a gift from Okawaru
 12565 | Lair:4   | Noticed a four-headed hydra
 12566 | Lair:4   | 12566 ||| INVOKING Finesse.
 12568 | Lair:4   | Killed a four-headed hydra
 12580 | Lair:4   | Reached skill level 13 in Ranged Weapons
 12673 | Lair:4   | Noticed a four-headed hydra
 12674 | Lair:4   | 12674 ||| INVOKING Finesse.
 12680 | Lair:4   | Killed a four-headed hydra
 13095 | Lair:5   | Entered Level 5 of the Lair of Beasts
 13095 | Lair:5   | Noticed a five-headed hydra
 13096 | Lair:5   | 13096 ||| RETREEEEATING.
 13097 | Lair:5   | 13097 ||| INVOKING Finesse.
 13098 | Lair:5   | 13098 ||| RETREEEEATING.
 13099 | Lair:5   | 13099 ||| INVOKING Finesse.
 13103 | Lair:5   | Killed a five-headed hydra
 13104 | Lair:5   | Reached XP level 14. HP: 44/92 MP: 0/0
 13112 | Lair:5   | HP: 20/92 [lindwurm (7)]
 13113 | Lair:5   | 13113 ||| READING 3 scrolls of teleportation.
 13114 | Lair:5   | 13114 ||| DRINKING potion of heal wounds.
 13117 | Lair:5   | 13117 ||| RETREEEEATING.
 13118 | Lair:5   | 13118 ||| RETREEEEATING.
 13119 | Lair:5   | 13119 ||| Stepping ~*~*~tactically~*~*~ (cloud).
 13120 | Lair:5   | 13120 ||| RETREEEEATING.
 13125 | Lair:5   | HP: 22/92 [death yak (19)]
 13126 | Lair:5   | 13126 ||| READING 2 scrolls of teleportation.
 13126 | Lair:5   | HP: 2/92 [death yak (21)]
 13127 | Lair:5   | Demolished by a death yak

Levels and vault maps discovered:
D:1:      dpeg_arrival_line_fractal, layout_basic, minmay_pentomino_q2
D:2:      layout_loops_ring, shapermc_ecumenical_altar_starsandcircs,
          uniq_sigmund, uniq_jessica, uniq_crazy_yiuf_cottage
D:3:      minmay_general_purpose_star, layout_basic,
          mainiacjoe_sewer_entry_somewhere_in_here_1, grunt_ministairs_1
D:4:      layout_basic, zin_scriptorium, temple_green, minmay_fountain_box,
          uniq_ijyb
D:5:      layout_rooms, lemuel_tele_altar, minitemple,
          minmay_fractal_squares_gapless_5, uniq_blork_the_orc, uniq_menkaure,
          uniq_duvessa
D:6:      gammafunk_cloud_chamber, layout_cave_pools, amcnicky_altar_gilded,
          grunt_ministairs_15, dk_noncrumbling_3, minivault_26,
          hangedman_decor_points, serial_park_tiny_2, lightli_minifort,
          uniq_edmund, uniq_maggie
D:7:      layout_loops_ring
D:8:      layout_layer_cave, lemuel_round_altar
D:9:      layout_big_octagon, dk_yredelemnul_ordeal, lair_entry_dummy,
          serial_gnoll_camp, gnoll_camp_mini_sergeant, gnoll_camp_huts_basic,
          gnoll_camp_mini_hut, gnoll_camp_mini_hut, uniq_psyche
Temple:   dshaligram_water_room_temple
Lair:1:   layout_concentric_octagons, lemuel_fruit_tree
Lair:2:   layout_cave_pods, elwin_shoals_entry_stream, basic_altar,
          lemuel_old_faithful, lemuel_fruit_fields, infiniplex_staircase_pool_2
Lair:3:   layout_misc_corridors, nicolae_snake_entry_squirm,
          serial_bayou_lake_a, grunt_megastairs_2, infiniplex_staircase_pool
Lair:4:   layout_loops_ring, grunt_megastairs_3
Lair:5:   grunt_lair_end_beastmaster, layout_hall_layers,
          dpeg_slime_entry_corner, grunt_megastairs_5

Skill      XL: |  1  2  3  4  5  6  7  8  9 10 11 12 13 14 |
---------------+-------------------------------------------+-----
Ranged Weapons | 4 5 6 7 8 12 13 | 13.0
Fighting       | 3 4 5 6 7 8 10 | 10.0
Dodging        | 3 4 5 6 7 9 10 11 | 11.1
Armour         | 1 4 5 6 |  6.0
Invocations    | 4 5 8 10 | 10.0
Stealth        | |  0.7

Action                     |  1- 3 |  4- 6 |  7- 9 | 10-12 | 13-15 || total
---------------------------+-------+-------+-------+-------+-------++-------
   Fire: Shortbow          |    85 |   102 |   296 |       |       ||   483
         Arbalest          |       |       |    29 |   380 |   194 ||   603
 Invoke: Heroism           |       |       |     2 |       |     1 ||     3
         Finesse           |       |       |       |     3 |     5 ||     8
    Use: Scroll            |       |     8 |     6 |    14 |     3 ||    31
         Potion            |       |     2 |       |     7 |     2 ||    11
 Armour: Leather armour    |    11 |    22 |    88 |       |       ||   121
         Swamp dragon scal |       |       |       |   401 |   168 ||   569
  Dodge: Dodged            |     9 |    41 |    99 |   433 |   318 ||   900

Table legend:
 A = Non-vault XP
 B = Vault XP
 C = Vault XP percentage of total XP
 D = Non-vault monster count
 E = Vault monster count
 F = Vault count percentage of total count
                 A         B        C        D         E       F
            +---------+---------+-------+---------+---------+-------
      Total |   32901 |    8639 |  20.8 |     310 |      87 |  21.9
            +---------+---------+-------+---------+---------+-------
        D:1 |      69 |       4 |   5.5 |      31 |       2 |   6.1
        D:2 |      55 |     263 |  82.7 |      17 |       2 |  10.5
        D:3 |     227 |      17 |   7.0 |      24 |       9 |  27.3
        D:4 |     720 |      32 |   4.3 |      24 |       1 |   4.0
        D:5 |     602 |     584 |  49.2 |      21 |       8 |  27.6
        D:6 |    1458 |     964 |  39.8 |      31 |       7 |  18.4
        D:7 |     609 |       0 |   0.0 |       9 |       0 |   0.0
        D:8 |    1560 |      87 |   5.3 |      41 |       5 |  10.9
        D:9 |    2685 |     852 |  24.1 |      23 |      19 |  45.2
     Lair:1 |    2289 |       0 |   0.0 |      10 |       0 |   0.0
     Lair:2 |    5863 |    1964 |  25.1 |      27 |       7 |  20.6
     Lair:3 |    7295 |     654 |   8.2 |      28 |       4 |  12.5
     Lair:4 |    7848 |    2135 |  21.4 |      20 |       8 |  28.6
     Lair:5 |    1621 |     845 |  34.3 |       4 |       1 |  20.0
      Sewer |       0 |     238 | 100.0 |       0 |      14 | 100.0
            +---------+---------+-------+---------+---------+-------
